Map: Seeds of Aiur

Players

Xerox

  • Race: Protoss Protoss
  • League: Gold
  • Spawn Location: 1:00

мадара

  • Race: Protoss Protoss
  • Spawn Location: 1:00

ILIEKEGGPIE - Winner!

  • Race: Protoss Protoss
  • League: Platinum
  • Spawn Location: 7:00

AlanDM - Winner!

  • Race: Terran Terran
  • Spawn Location: 7:00

VOD

Have the link to the VOD?

Description

Time

  • Played on: May 1, 2018, 7:24 p.m.
  • Length: 7:19
Show
View Real Time Build Order
Export as new Build Order

Xerox Protoss 

Build Orders:  

Get SALT Encoding   

  12  0:04  Probe  
  13  0:18  Probe  
  14  0:30  Probe  
  15  0:36  Pylon  
  15  0:54  Probe  
  16  1:08  Probe  
  17  1:16  Nexus  
  17  1:18  Forge  
  17  1:31  Gateway  
  17  1:40  Gateway  
  17  1:57  Photon Cannon  
  17  2:07  Photon Cannon  
  17  2:11  Probe  
  18  2:23  Probe  
  18  2:25  Assimilator  
  18  2:27  Cybernetics Core  
  19  2:36  Pylon  
  19  2:40  Probe  
  19  2:43  Probe  
  21  2:50  Probe  
  21  2:54  Assimilator  
  21  2:56  Probe  
  23  3:02  Warp Gate  
  23  3:09  Probe x2  
  25  3:21  Probe x2  
  27  3:30  Nexus  
  27  3:38  Probe x2  
  29  3:48  Assimilator  
  29  3:50  Probe  
  30  3:55  Pylon  
  30  4:04  Photon Cannon  
  30  4:09  Photon Cannon  
  29  4:16  Photon Cannon  
  29  4:17  Shield Battery  
  29  4:21  Pylon  
  29  4:30  Photon Cannon  
  29  4:31  Photon Cannon  
  29  4:38  Shield Battery  
  29  4:41  Photon Cannon  
  29  4:48  Probe x2  
  29  4:49  Probe, Photon Cannon  
  29  4:50  Assimilator  
  32  5:02  Gateway  
  32  5:04  Gateway  
  32  5:13  Gateway  
  32  5:17  Pylon  
  32  5:22  Probe x3  
  34  5:34  Probe x2  
  34  5:35  Probe  
  34  5:43  Stargate x2  
  34  5:45  Stargate  
  34  5:46  Probe  
  33  5:51  Stalker  
  32  6:05  Photon Cannon  
  32  6:08  Probe x3  
  32  6:09  Pylon  
  35  6:15  Pylon  
  35  6:20  Probe  
  35  6:25  Robotics Facility  
  36  6:29  Photon Cannon  
  32  6:35  Pylon  
  32  6:38  Stalker  
  31  6:58  Photon Cannon  
Show
View Real Time Build Order
Export as new Build Order

мадара Protoss 

Build Orders:  

Get SALT Encoding   

  12  1:14  Probe  
  13  1:22  Probe  
  13  1:31  Probe  
  14  1:35  Pylon  
  15  1:48  Pylon  
  15  1:50  Probe  
  16  1:55  Nexus  
  16  2:02  Probe  
  17  2:11  Forge  
  17  2:14  Probe  
  17  2:15  Gateway  
  18  2:19  Assimilator  
  18  2:26  Probe  
  19  2:31  Assimilator  
  19  2:34  Probe  
  19  2:42  Probe  
  21  2:53  Probe  
  22  3:05  Probe  
  23  3:07  Cybernetics Core  
  23  3:09  Cybernetics Core  
  23  3:17  Pylon  
  23  3:21  Pylon  
  23  3:22  Probe  
  24  3:30  Probe  
  25  3:39  Probe  
  26  3:48  Stargate  
  26  3:51  Probe  
  26  3:54  Stargate  
  27  4:02  Pylon  
  27  4:03  Probe  
  28  4:12  Probe  
  29  4:20  Probe  
  29  4:30  Probe  
  30  4:33  Assimilator  
  31  4:38  Assimilator  
  31  4:43  Probe  
  32  4:55  Probe  
  32  4:56  Void Ray  
  32  4:57  Void Ray  
  41  5:07  Probe  
  42  5:18  Probe  
  43  5:26  Probe  
  43  5:34  Probe  
  45  5:44  Void Ray  
  45  5:45  Probe  
  50  5:57  Probe  
  50  6:03  Robotics Facility  
  51  6:10  Probe  
  36  6:22  Probe  
Show
View Real Time Build Order
Export as new Build Order

ILIEKEGGPIE Protoss - Winner!

Build Orders: Dark Templar Rush 

Get SALT Encoding   

  12  0:00  Probe  
  13  0:12  Probe  
  14  0:20  Pylon  
  14  0:24  Probe  
  15  0:38  Probe  
  15  0:39  Gateway  
  16  0:49  Assimilator  
  16  0:50  Probe  
  17  1:02  Probe  
  18  1:14  Probe  
  19  1:27  Probe, Assimilator  
  19  1:31  Cybernetics Core  
  20  1:34  Pylon  
  20  1:39  Probe  
  21  1:51  Probe  
  22  1:56  Gateway  
  22  2:03  Probe  
  23  2:10  Warp Gate  
  22  2:32  Nexus  
  22  2:33  Stalker  
  24  2:43  Stalker  
  26  3:04  Twilight Council  
  26  3:08  Pylon  
  26  3:21  Stalker x2  
  30  3:44  Dark Shrine  
  30  3:46  Robotics Facility  
  30  3:50  Probe x2  
  32  3:58  Probe  
  32  4:02  Probe  
  34  4:06  Probe  
  34  4:14  Probe  
  34  4:16  Probe  
  36  4:19  Gateway  
  36  4:22  Gateway  
  37  4:25  Warp Prism  
  37  4:26  Probe  
  40  5:19  Dark Templar x2  
  44  5:25  Probe  
  44  5:26  Dark Templar x2  
  48  5:29  Probe  
  48  5:34  Probe  
  50  5:40  Probe  
  52  5:47  Probe  
  52  5:48  Probe  
  53  5:51  Assimilator  
  53  5:55  Assimilator  
  54  5:58  Pylon  
  54  6:00  Pylon  
  54  6:01  Pylon  
  54  6:16  Probe x2  
  54  6:17  Dark Templar x3  
  60  6:40  Probe  
  60  6:43  Probe  
  62  6:48  Probe  
  63  6:56  Probe  
  63  6:58  Probe  
  65  7:06  Nexus  
  66  7:10  Pylon  
  66  7:13  Pylon  
Show
View Real Time Build Order
Export as new Build Order

AlanDM Terran - Winner!

Build Orders: Command Center First (CC) 

Get SALT Encoding   

  12  0:00  SCV  
  13  0:13  SCV  
  14  0:20  Supply Depot  
  14  0:25  SCV  
  15  0:41  SCV  
  16  1:00  Command Center  
  16  1:04  SCV  
  17  1:14  Barracks  
  17  1:18  SCV  
  17  1:24  Refinery  
  18  1:31  Refinery  
  18  1:32  SCV  
  19  1:44  SCV  
  20  1:56  SCV  
  20  1:59  Supply Depot  
  21  2:10  Barracks  
  21  2:13  Supply Depot  
  21  2:21  Orbital Command  
  21  2:34  Factory  
  21  2:44  Barracks Tech Lab  
  21  2:59  SCV  
  21  3:01  Orbital Command  
  22  3:06  Refinery  
  22  3:24  Starport  
  22  3:28  Starport  
  22  3:35  Siege Tank  
  22  3:39  Barracks Tech Lab  
  22  3:41  SCV  
  26  3:45  SCV  
  27  3:53  SCV  
  28  3:57  SCV  
  29  4:06  Banshee  
  29  4:07  Cloaking Field  
  32  4:19  SCV  
  32  4:23  SCV  
  34  4:29  Refinery, Banshee  
  34  4:31  SCV  
  38  4:43  Fusion Core, SCV  
  39  5:01  Banshee  
  39  5:06  SCV  
  43  5:16  Banshee  
  46  5:43  Banshee  
  46  5:47  Starport  
  49  5:59  Banshee  
  49  6:21  Weapon Refit  
  49  6:26  Banshee  
  52  6:52  Starport Reactor  
  52  6:54  Barracks Reactor  
  52  6:56  Barracks  
Tags
 
Add a new tag
Caveats
  • Supply blocks, unpowered buildings, or Contaminate may cause inaccurate times.
  • Supply counts are checked every 10 seconds.